 Dungeon Crawl Stone Soup version 0.17.0-57-g0e89251 (webtiles) character file.

1973 PossumBlood the Chopper (level 9, -6/71 HPs)
             Began as a Formicid Fighter on Dec 7, 2015.
             Mangled by a yak (9 damage)
             ... on level 6 of the Dungeon.
             The game lasted 00:13:16 (4761 turns).

PossumBlood the Chopper (Formicid Fighter)          Turns: 4761, Time: 00:13:16

Health: -6/71      AC: 14    Str: 23    XL:     9   Next: 43%
Magic:  9/9        EV:  9    Int:  9    God:
Gold:   216        SH: 12    Dex: 10    Spells: 0 memorised, 8 levels left

rFire  . . .     SeeInvis +     a - +3 war axe
rCold  + . .     Clarity  .     k - +3 scale mail {rC+}
rNeg   . . .     SustAt   .     c - +1 shield
rPois  .         Gourm    .     (helmet unavailable)
rElec  .         Spirit   .     l - +0 cloak
rCorr  .         Warding  .     p - +1 pair of gloves
rMut   .         Stasis   +     (no boots)
MR     .....                    (no amulet)
Stlth  ..........               (no ring)
                                t - ring of wizardry

@: not resistant to hostile enchantments, extremely unstealthy
A: permanent stasis, dig shafts and tunnels, four strong arms, antennae 3
a: Dig, Shaft Self


You were on level 6 of the Dungeon.
You were not hungry.

You visited 1 branch of the dungeon, and saw 6 of its levels.

You collected 288 gold pieces.
You spent 72 gold pieces at shops.

Inventory:

Hand Weapons
 a - a +3 war axe (weapon)
 i - a +4 flail of crushing
Armour
 c - a +1 shield (worn)
 k - a +3 scale mail of cold resistance (worn)
 l - a +0 cloak (worn)
 p - a +1 pair of gloves (worn)
Jewellery
 t - a ring of wizardry (left hand)
Wands
 u - a wand of magic darts (18)
Scrolls
 e - 9 scrolls of identify
 m - a scroll of fear
 o - 3 scrolls of remove curse
Potions
 b - 2 potions of resistance {unknown}
 d - 3 potions of might
 f - 3 potions of haste
 g - 2 potions of lignification
 h - a potion of brilliance {unknown}
 j - a potion of agility {unknown}
 n - a potion of ambrosia {unknown}
 r - a potion of flight {unknown}
Books
 q - a book of Fire

   Spells                             Type                      Level
   a - Ignite Poison                  Fire/Transmutation/Poison    3
   b - Fireball                       Conjuration/Fire             5
   c - Bolt of Fire                   Conjuration/Fire             6
   d - Delayed Fireball               Conjuration/Fire             7
   e - Ring of Flames                 Charms/Fire                  7


   Skills:
 + Level 6.4 Fighting
 * Level 7.9 Axes
 + Level 6.6 Armour
 + Level 7.0 Shields


You had 8 spell levels left.
You didn't know any spells.

Dungeon Overview and Level Annotations

Branches:
Dungeon (6/15)
 Temple: D:4-7

Altars:
Ashenzari
Elyvilon
Fedhas
Kikubaaqudgha
Makhleb
Qazlal
Sif Muna
Trog
Xom
Yredelemnul
Zin

Shops:
D:5 [=[(


Innate Abilities, Weirdness & Mutations

You are under a permanent stasis effect.
You can dig through walls and to a lower floor.
Your four strong arms can wield two-handed weapons with a shield.
You have a pair of large antennae on your head (SInv).


Message History

You slash the yak!
You kill the yak!
Your Shields skill increases to level 7!
You slash the yak!
The yak is severely wounded.
The yak gores you but does no damage.
You barely miss the yak.
The yak is severely wounded.
You block the yak's attack.
You hit the yak.
The yak is severely wounded.
The yak gores you.
* * * LOW HITPOINT WARNING * * *
You slash the yak!
The yak is almost dead.
The yak barely misses you.
You hit the yak.
The yak is almost dead.
The yak gores you!
You die...

...# #.. #...+.....# ...#
#.....(.#.. #...#.....# ...#
#.......#. #...#...... ...#
#...$%..# ##'###...... ...#
#.......# ###...........
...# #.......#
..#........... ...#
#.......#...#.....####..
>..# #......†#...#.....# #..
...# #......@Y...#.....# ###
...# #.......#...#.....#
...# #.......# ..+.....#
...# { #.......# .#.....#
...###...#.......#####.....#
.....#..)##...............##
.....#....#............
.....#....#............
.....#....#............


You could see a yak.

Vanquished Creatures
  The ghost of Gargoyl the Skirmisher, an amateur DsAK of Lugonu (D:4)
  5 yaks (D:6)
  Edmund (D:5)
  Purgy (D:3)
  A phantom (D:4)
  2 ogres
  A giant frog (D:6)
  Blork the orc (D:5)
  A scorpion (D:5)
  A centaur zombie (D:5)
  An orc priest (D:6)
  A jelly (D:5)
  2 orc wizards
  2 iguanas (D:4)
  3 worker ants
  A worker ant zombie (D:4)
  6 adders
  A gnoll (D:3)
  An adder skeleton (D:6)
  2 worms
  4 giant geckos
  3 orcs
  6 giant cockroaches
  5 hobgoblins
  7 jackals
  2 quokkas (D:2)
  2 ball pythons
  8 bats
  A giant gecko skeleton (D:4)
  8 giant newts
  8 goblins
  8 kobolds
  5 rats
102 creatures vanquished.

Notes
Turn   | Place    | Note
--------------------------------------------------------------
     0 | D:1      | PossumBlood the Formicid Fighter began the quest for the Orb.
     0 | D:1      | Reached XP level 1. HP: 18/18 MP: 1/1
    87 | D:1      | Reached XP level 2. HP: 17/24 MP: 2/2
   326 | D:1      | Reached XP level 3. HP: 29/29 MP: 3/3
  1003 | D:2      | Reached XP level 4. HP: 33/36 MP: 4/4
  1366 | D:3      | Reached skill level 4 in Shields
  1628 | D:3      | Found a shattered altar of Ashenzari.
  1631 | D:3      | Found a deep blue altar of Sif Muna.
  1633 | D:3      | Found a glowing silver altar of Zin.
  1652 | D:3      | Noticed Purgy
  1661 | D:3      | Killed Purgy
  1661 | D:3      | Reached XP level 5. HP: 23/42 MP: 5/5
  1662 | D:3      | Reached XP level 6. HP: 26/48 MP: 6/6
  1845 | D:3      | Found a burning altar of Makhleb.
  2421 | D:4      | Noticed Gargoyl's ghost (amateur DsAK)
  2443 | D:4      | Killed Gargoyl's ghost
  2443 | D:4      | Reached skill level 5 in Axes
  2443 | D:4      | Reached skill level 5 in Armour
  2443 | D:4      | Reached skill level 5 in Shields
  2443 | D:4      | Reached XP level 7. HP: 17/55 MP: 7/7
  2453 | D:4      | HP: 2/55 [ogre/giant club (17)]
  2773 | D:4      | HP: 1/55 [iguana (7)]
  3057 | D:4      | Reached skill level 5 in Fighting
  3308 | D:4      | Found a blossoming altar of Fedhas.
  3546 | D:5      | Entered Level 5 of the Dungeon
  3546 | D:5      | Noticed Blork the orc
  3560 | D:5      | Killed Blork the orc
  3560 | D:5      | Reached XP level 8. HP: 52/62 MP: 8/8
  3587 | D:5      | Found a shimmering altar of Xom.
  3609 | D:5      | Found Jegge's Antique Armour Boutique.
  3617 | D:5      | Found Loum's Jewellery Boutique.
  3756 | D:5      | Found a basalt altar of Yredelemnul.
  3786 | D:5      | Reached skill level 6 in Axes
  3814 | D:5      | Found an ancient bone altar of Kikubaaqudgha.
  3884 | D:5      | Found Deyniamm's Armour Shoppe.
  3900 | D:5      | Bought a cursed +0 cloak for 18 gold pieces
  3900 | D:5      | Bought a +0 pair of gloves for 54 gold pieces
  4079 | D:5      | Noticed Edmund
  4091 | D:5      | Killed Edmund
  4110 | D:5      | Found Igreopsa's Antique Weapon Boutique.
  4219 | D:5      | Found a bloodstained altar of Trog.
  4405 | D:5      | You fall through a shaft!
  4442 | D:6      | Found a stormy altar of Qazlal.
  4585 | D:6      | Found a white marble altar of Elyvilon.
  4732 | D:6      | Reached skill level 7 in Axes
  4732 | D:6      | Reached XP level 9. HP: 61/69 MP: 9/9
  4759 | D:6      | HP: 2/71 [yak (5)]
  4761 | D:6      | Mangled by a yak

Action                   |  1- 3 |  4- 6 |  7- 9 || total
-------------------------+-------+-------+-------++-------
Melee: War axe           |   104 |   127 |   139 ||   370
  Use: Scroll            |     3 |     5 |     6 ||    14
       Potion            |       |       |     5 ||     5
  Eat: Bread ration      |       |     1 |     1 ||     2
       Pizza             |       |     1 |       ||     1
       Beef jerky        |       |       |     1 ||     1
       Chunk             |       |       |     3 ||     3
